 Dungeon Crawl Stone Soup version 0.30.0-15-g856e2d3f33 (webtiles) character file.

Game seed: 17126670386398289120

97122 Jackthecabe the Warrior (level 15, -2/134 HPs)
             Began as a Mummy Reaver on May 18, 2023.
             Was a High Priest of Ashenzari.
             Slain by a shard shrike (16 damage)
             ... in an ice cave.
             The game lasted 02:12:28 (42055 turns).

Jackthecabe the Warrior (Mummy Reaver)             Turns: 42055, Time: 02:12:30

Health: -2/134     AC:  7    Str: 24    XL:     15   Next: 71%
Magic:  0/29       EV: 11    Int: 30    God:    Ashenzari [*****.]
Gold:   707        SH: 18    Dex: 11    Spells: 3/34 levels left

rFire   . . .        t - +5 spear of the Enlightened Regret {Elem, Fort} (curse)
rCold   + . .        u - +7 kite shield "the Ego of Ashenzari" {rC- Will+ Int+5 SInv, Fort, Comp} (curse)
rNeg    + + +        h - +1 robe of Vines {NoPotionHeal Regen++++}
rPois   ∞            l - +0 helmet of the Unyielding Gaze {Alch, Bglg} (curse)
rElec   .            o - scarf of the Unyielding Gaze {rC+ rF+, Slay+3, Comp, Bglg} (curse)
rCorr   +            d - +0 pair of gloves of Supernal Wisdom {Evo, Comp} (curse)
SInv    +            (no boots)
Will    ++...        a - amulet of Ashenzari's Sun {Spirit, Comp, Alch} (curse)
Stlth   +            g - ring of the Revealing Moon {rCorr Str+2 Int+6, Bglg, Comp} (curse)
HPRegen 3.62/turn    S - ring "Chained Frustration" {Str+6, Evo, Bglg} (curse)
MPRegen 0.21/turn

%: clarity, guardian spirit, faith
@: frozen, very slow
A: cold resistance 1, negative energy resistance 3, torment resistance 2, heat
vulnerability 1, in touch with death 2, no potions, faith
a: Renounce Religion, Shatter the Chains


You were in an ice cave.
You worshipped Ashenzari.
Ashenzari was extremely pleased with you.
You visited 4 branches of the dungeon, and saw 22 of its levels.
You also visited: Sewer, Gauntlet and Ice Cave.

You collected 2226 gold pieces.
You spent 1519 gold pieces at shops.


Innate Abilities, Weirdness & Mutations

You are immune to poison.
Your flesh is cold resistant. (rC+)
You are immune to negative energy. (rN+++)
You are immune to unholy pain and torment.
You are vulnerable to heat. (rF-)
You are strongly in touch with the powers of death.
You do not drink.
You have a special connection with the divine. (Faith)


   Skills:
 - Level 17.0 Fighting
 - Level 2.4 Short Blades
 - Level 6.0 Polearms
 - Level 7.8(11.0) Armour
 - Level 1.5 Dodging
 + Level 6.7(9.9) Shields
 - Level 10.0 Spellcasting
 - Level 6.7(11.6) Conjurations
 - Level 1.6(4.8) Hexes
 - Level 6.3(12.0) Summonings
 - Level 9.1(11.3) Ice Magic
 - Level 9.1(11.3) Air Magic
 - Level 2.7(5.2) Evocations


You had 3 spell levels left.
You knew the following spells:

 Your Spells              Type           Power      Damage    Failure   Level
a - Arcjolt               Conj/Air       35%        1d45      1%          5
b - Summon Cactus Giant   Summ           36%        N/A       7%          6
c - Call Canine Familiar  Summ           72%        N/A       1%          3
d - Freezing Cloud        Conj/Ice/Air   35%        6-21      1%          5
f - Frozen Ramparts       Ice            100%       1d16      1%          3
g - Summon Guardian Gole  Hex/Summ       60%        N/A       1%          3
X - Kiss of Death         Conj/Necr      100%       2d13      1%          1
Y - Momentum Strike       Conj/Tloc      100%       3d10      1%          2
Z - Hailstorm             Conj/Ice       71%        3d15      1%          3

Your spell library contained the following spells:

 Spells                   Type           Power      Damage    Failure   Level
 Freeze                   Ice            100%       1d10      1%          1
 Shock                    Conj/Air       100%       1d9       1%          1
 Slow                     Hex            100%       N/A       1%          1
 Summon Small Mammal      Summ           100%       N/A       1%          1
 Cigotuvi's Dreadful Rot  Necr/Pois/Air  100%       N/A       1%          2
 Swiftness                Air            70%        N/A       1%          3
 Vhi's Electric Charge    Tloc/Air       100%       N/A       1%          3
 Confusing Touch          Hex            44%        N/A       2%          3
 Necrotise                Necr           100%       1d9       4%          1
 Scorch                   Fire           32%        2d6       9%          2
 Vampiric Draining        Necr           45%        2d9       13%         3
 Ignite Poison            Fire/Tmut/Pois 17%        N/A       16%         3
 Airstrike                Air            35%        2d(5-21)  1%          4
 Animate Armour           Summ/Erth      100%       N/A       4%          4
 Flame Wave               Conj/Fire      50%        2d12      5%          4
 Animate Dead             Necr           45%        N/A       38%         4
 Iron Shot                Conj/Erth      25%        9d5       63%         6
 Maxwell's Capacitive Co  Air            35%        ∞         98%         8
 Eringya's Noxious Bog    Tmut/Pois      8%         N/A       100%        6
 Blade Hands              Tmut           Unusable   N/A       N/A         5
 Borgnjor's Revivificati  Necr           Unusable   N/A       N/A         8

Inventory:

Hand Weapons
 j - a +2 dagger of venom
 t - the cursed +5 spear of the Enlightened Regret (weapon) {Elem, Fort}
   (You took it off a wight on level 6 of the Dungeon)

   It has a curse which improves the following skills: Elements: Fire Magic, Ice
   Magic, Air Magic and Earth Magic.
   Fortitude: Armour and Shields.
 L - a +4 demon trident of electrocution
Missiles
 v - 33 poisoned darts
 x - 3 curare-tipped darts {=f}
Armour
 b - a +3 buckler
 d - the cursed +0 pair of gloves of Supernal Wisdom (worn) {Evo, Comp}
   (You found it on level 2 of the Dungeon)

   It has a curse which improves the following skills: Evocations: Evocations.
   Companions: Summonings and Necromancy.
 h - the +1 robe of Vines (worn) {NoPotionHeal Regen++++}
   (You found it on level 2 of the Lair of Beasts)

   NoPotionHeal: Its wearer cannot be healed by potions.
   Regen:     It increases your rate of health regeneration.
 l - the cursed +0 helmet of the Unyielding Gaze (worn) {Alch, Bglg}
   (You found it on level 3 of the Dungeon)

   It has a curse which improves the following skills: Alchemy: Poison Magic and
   Transmutations.
   Beguiling: Conjurations, Hexes and Translocations.
 n - the +2 pair of gloves "Peir" {Dex+2}
   (You found it in a Gauntlet)

   Dex:       It affects your dexterity (+2).
 o - the cursed scarf of the Unyielding Gaze (worn) {rC+ rF+, Slay+3, Comp, Bglg}
   (You found it on level 4 of the Dungeon)

   Slay:      It affects your accuracy & damage with ranged weapons and melee
   (+3).
   It has a curse which improves the following skills: Companions: Summonings
   and Necromancy.
   Beguiling: Conjurations, Hexes and Translocations.
 u - the cursed +7 kite shield "the Ego of Ashenzari" (worn) {rC- Will+ Int+5 SInv, Fort, Comp}
   (You bought it in a shop on level 2 of the Orcish Mines)

   Int:       It affects your intelligence (+5).
   rC:        It makes you vulnerable to cold.
   SInv:      It lets you see invisible.
   Will:      It increases your willpower.
   It has a curse which improves the following skills: Fortitude: Armour and
   Shields.
   Companions: Summonings and Necromancy.
 K - the +2 robe "Xogezur" {+Inv rN+ Stlth-}
   (You bought it in a shop on level 2 of the Orcish Mines)

   rN:        It protects you from negative energy.
   +Inv:      It lets you turn invisible.
   Stlth:     It makes you less stealthy.
 O - a +2 robe of the Archmagi
Magical Staves
 r - a staff of conjuration {!a}
 y - a staff of cold {!a}
 A - the staff of fire "Reneg" {rF+ rC+, !a}
   (You found it in a Gauntlet)

   [staff of fire]

   Base accuracy: +5 Base damage: 5 Base attack delay: 1.2 This weapon's minimum
   attack delay (0.6) is reached at skill level 12.
   rF:        It protects you from fire.
   rC:        It protects you from cold.
   It falls into the 'Staves' category.
   It is a one-handed weapon.
 D - a staff of fire {!a}
Jewellery
 a - the cursed amulet of Ashenzari's Sun (around neck) {Spirit, Comp, Alch}
   (You found it on level 1 of the Lair of Beasts)

   [amulet of guardian spirit]

   It causes incoming damage to be divided between your reserves of health and
   magic.
   It has a curse which improves the following skills: Companions: Summonings
   and Necromancy.
   Alchemy:   Poison Magic and Transmutations.
 g - the cursed ring of the Revealing Moon (left hand) {rCorr Str+2 Int+6, Bglg, Comp}
   (You found it on level 5 of the Lair of Beasts)

   [ring of intelligence]

   Str:       It affects your strength (+2).
   Int:       It affects your intelligence (+6).
   rCorr:     It protects you from acid and corrosion.
   It has a curse which improves the following skills: Beguiling: Conjurations,
   Hexes and Translocations.
   Companions: Summonings and Necromancy.
 F - a ring of protection from fire
 S - the cursed ring "Chained Frustration" (right hand) {Str+6, Evo, Bglg}
   (You took it off a human on level 8 of the Dungeon)

   [ring of strength]

   Str:       It affects your strength (+6).
   It has a curse which improves the following skills: Evocations: Evocations.
   Beguiling: Conjurations, Hexes and Translocations.
 W - a ring of willpower
Wands
 k - a wand of polymorph (6)
 m - a wand of roots (20)
 C - a wand of paralysis (17)
 G - a wand of mindburst (5)
 J - a wand of flame (10)
Scrolls
 c - 3 scrolls of magic mapping
 e - 3 scrolls of amnesia
 f - 11 scrolls of teleportation {@r2}
 i - 4 scrolls of immolation
 p - a scroll of vulnerability
 q - 5 scrolls of enchant armour
 s - 3 scrolls of fear
 w - 6 scrolls of fog
 z - 2 scrolls of blinking
 I - a scroll of poison
 M - a scroll of silence {!r}
 N - a scroll of enchant weapon
Miscellaneous
 B - a condenser vane
 E - a box of beasts
 H - a phial of floods

Dungeon Overview and Level Annotations

Branches:
Dungeon (14/15)            Temple (1/1) D:7            Lair (5/5) D:8
  Swamp (0/4) Lair:2        Snake (0/4) Lair:3        Slime (0/5) Lair:5
    Orc (2/2) D:10            Elf (0/3) Orc:2         Sewer (visited)
  IceCv (1/1)             Gauntlet (visited)
 Vaults: D:13-14

Altars:
Ashenzari
Cheibriados
Dithmenos
Fedhas
Gozag
Hepliaklqana
Kikubaaqudgha
Makhleb
Nemelex Xobeh
Okawaru
Qazlal
Ru
Sif Muna
Trog
Uskayaw
Vehumet
Wu Jian
Xom
Yredelemnul

Shops:
D:12 *   Orc:1 *   Orc:2 *:[

Annotations:
D:6 2 transporters, Kazon's ghost, novice OpBr
D:8 exclusion: 2 doors
Lair:5 1 runed translucent door

##~###≈≈≈###
#[~#≈≈≈≈≈##
##~~≈≈≈≈≈≈#
##~~≈≈≈≈≈≈#
#[#≈≈≈≈≈≈≈#
##.#≈≈≈≈≈≈## *
#.##≈≈≈≈≈≈### *
#.##≈≈#≈≈##h##
#@.#≈##≈##...# ,
#.b######..#..#*
#...#.#.#.##*{{#*,
#.Cp#..#{.# .{u,
##...##..## * ,p.b
##..###.# ph
##.#*.## * {.
*..##.* * .##.# **
,


You could see a shard shrike, an ironbound frostheart (ally target) and a
friendly cactus giant (summoned).


Message History

Press: ? - help, Shift-Dir - straight line, f/p - shard shrike
Aim: a shard shrike (moderately wounded, chance to affect: 33%)
The shard shrike's mind is blasted!!
The shard shrike spits a shard of ice at you.
The shard of ice hits you!!! You partially resist.
* * * LOW HITPOINT WARNING * * *
The ironbound frostheart calls freezing cold from the walls.
The frost grips you! You resist.
* * * LOW HITPOINT WARNING * * *
The frost grips your cactus giant!!
Your cactus giant closely misses the ironbound frostheart.
Aiming: Mindburst
Press: ? - help, Shift-Dir - straight line, f/p - shard shrike
Aim: a shard shrike (heavily wounded, chance to affect: 33%)
The shard shrike's mind is blasted!!
The ice encasing you melts away. You block the shard shrike's attack.
The ironbound frostheart calls freezing cold from the walls.
The frost grips you! You resist.
* * * LOW HITPOINT WARNING * * *
You are encased in ice.
The frost grips your cactus giant!!
Unknown command.
Aiming: Mindburst
Press: ? - help, Shift-Dir - straight line, f/p - shard shrike
Aim: a shard shrike (severely wounded, chance to affect: 33%)
The shard shrike easily resists.
The shard shrike claws you!
* * * LOW HITPOINT WARNING * * *
The shard shrike freezes you!! You resist.
You die...

Skill      XL: |  1  2  3  4  5  6  7  8  9 10 11 12 13 14 15 |
---------------+----------------------------------------------+-----
Fighting       | 3 4 6 10 13 15 17 | 17.0
Ice Magic      | 1 3 5 6 7 8 9 |  9.1
Spellcasting   | 3 4 6 10 | 10.0
Conjurations   | 3 4 6 |  6.7
Summonings     | 3 4 5 6 |  6.3
Polearms       | 1 2 5 6 |  6.0
Evocations     | 2 |  2.7
Hexes          | 1 |  1.6
Shields        | 2 3 6 |  6.7
Armour         | 5 6 7 |  7.8
Air Magic      | 5 7 8 9 |  9.1
Short Blades   | |  2.4
Dodging        | |  1.5

Action                     |  1- 3 |  4- 6 |  7- 9 | 10-12 | 13-15 || total
---------------------------+-------+-------+-------+-------+-------++-------
  Melee: Short sword       |   241 |   166 |       |       |       ||   407
         Punch             |     3 |     1 |     5 |     5 |       ||    14
         Dagger            |       |   165 |   176 |       |       ||   341
         Spear             |       |       |    49 |   549 |   884 ||  1482
   Cast: Kiss of Death     |     1 |       |       |       |     1 ||     2
         Momentum Strike   |       |     2 |    17 |     2 |       ||    21
         Frozen Ramparts   |       |       |    19 |    56 |    31 ||   106
         Call Canine Famil |       |       |     4 |    36 |     5 ||    45
         Hailstorm         |       |       |     1 |    13 |     9 ||    23
         Summon Guardian G |       |       |       |    22 |    15 ||    37
         Freezing Cloud    |       |       |       |    11 |   152 ||   163
         Arcjolt           |       |       |       |       |    24 ||    24
         Summon Cactus Gia |       |       |       |       |    42 ||    42
 Invoke: Curse Item        |       |       |     3 |     6 |     2 ||    11
         Shatter the Chain |       |       |       |     1 |     2 ||     3
  Evoke: Wand              |       |     3 |     4 |    10 |    22 ||    39
         Phial of floods   |       |       |       |       |     1 ||     1
    Use: Scroll            |       |       |     7 |       |    10 ||    17
   Stab: Distracted        |       |       |     1 |       |     1 ||     2
         Paralysed         |       |       |       |     8 |       ||     8
         Sleeping          |       |       |       |     1 |       ||     1
 Armour: Leather armour    |    35 |       |       |       |       ||    35
         Ring mail         |    24 |   155 |    49 |       |       ||   228
         Robe              |       |       |     7 |    98 |   154 ||   259
  Dodge: Dodged            |   150 |   196 |   107 |   242 |   296 ||   991
  Block: Buckler           |       |       |       |    50 |   128 ||   178
         Kite shield       |       |       |       |       |   207 ||   207

Levels and vault maps discovered:
D:1:      dpeg_arrival_rhombi, layout_basic, roderic_roman_lattice,
          minmay_misc_feat_secret_circle, hex_large, st_stairs_12
D:2:      layout_loops_ring, minmay_pentomino_q2
D:3:      layout_rooms, old_standard_altar, gup_sewer_entry_pipe,
          patterned_corridor, uniq_ijyb
D:4:      layout_loops_ring, chequers_temple_overflow_statue_of_worship,
          kennysheep_windowed_goal, uniq_pikel
D:5:      layout_loops_corners, chei_slow_surprise, chequers_garden,
          minmay_manual_moon
D:6:      layout_rooms, gammafunk_ghost_hive, uniq_blork_the_orc, uniq_grinder,
          uniq_edmund, uniq_sigmund, uniq_eustachio
D:7:      layout_basic, mainiacjoe_overflow_24_doors,
          minmay_temple_entry_junction, chequers_serial_rivers_small_b,
          interstate_on_off
D:8:      layout_basic, erik_lair_island, minmay_ruffians
D:9:      layout_irregular_city
D:10:     layout_loops_ring, zombieorc2_lemuel
D:11:     layout_cave_pools, minmay_increasing_density
D:12:     layout_irregular_city, serial_shops, shop
D:13:     layout_loops_ring, lightli_church_of_beogh
D:14:     layout_loops_ring, erik_vaults_2, tso_metal_star,
          portal_ice_cave_entry_pillars_three,
          nicolae_uskayaw_murder_on_the_dancefloor
Temple:   kb_temple_of_zot
Lair:1:   layout_chaotic_city, beast_lair_carwin_5
Lair:2:   layout_regular_city, swamp_mist, hellmonk_guarded_unrand_vines,
          lemuel_fruit_fields
Lair:3:   layout_roguey [special_room_mythical_zoo],
          minmay_snake_entry_guardpost_small
Lair:4:   nzn_winding_woodlands_three_and_one
          [nzn_winding_woodlands_5x15_parted,
          nzn_winding_woodlands_5x15_split_checker,
          nzn_winding_woodlands_5x15_river_crossing,
          nzn_winding_woodlands_center_diamonds], layout_layer_cave,
          infiniplex_staircase_pool_2, lemuel_fruit_fields, uniq_snorg
Lair:5:   minmay_lair_end_enchanted_forest, layout_misc_corridors,
          slime_entry_2, kennysheep_rathole
Orc:1:    layout_caves, minmay_shop_mass, uniq_jorgrun
Orc:2:    grunt_orc_cross, layout_caves, basic_altar, gauntlet_entry_generic,
          nicolae_orc_pool_cavern, led_sif_book
IceCv:    ice_cave_caverns_02

Notes
Turn   | Place    | Note
-------+----------+-------------------------------------------
     0 | D:1      | Jackthecabe the Mummy Reaver began the quest for the Orb.
     0 | D:1      | Reached XP level 1. HP: 16/16 MP: 4/4
   142 | D:1      | Reached XP level 2. HP: 8/23 MP: 5/5
   247 | D:1      | Reached skill level 3 in Fighting
   250 | D:1      | Learned a level 2 spell: Momentum Strike
   564 | D:1      | Gained mutation: You are in touch with the powers of death.
                  | [Mummy growth]
   564 | D:1      | Reached XP level 3. HP: 28/29 MP: 7/7
   667 | D:1      | Learned a level 3 spell: Frozen Ramparts
   714 | D:1      | HP: 3/30 [hobgoblin/+0 club (5)]
  1991 | D:2      | Reached XP level 4. HP: 28/35 MP: 8/8
  1993 | D:2      | Reached skill level 1 in Ice Magic
  2064 | D:2      | Reached skill level 3 in Spellcasting
  2305 | D:3      | Found a glowing drain.
  2336 | Sewer    | Entered a sewer
  2583 | Sewer    | Reached skill level 4 in Fighting
  3055 | D:3      | Found a shadowy altar of Dithmenos.
  3061 | D:3      | Reached XP level 5. HP: 42/42 MP: 9/9
  3076 | D:3      | Noticed Ijyb
  3171 | D:2      | Reached skill level 2 in Ice Magic
  3468 | D:3      | Reached skill level 3 in Conjurations
  3743 | D:3      | Killed Ijyb
  4069 | D:4      | Noticed a black bear
  4179 | D:4      | Reached skill level 3 in Ice Magic
  4179 | D:4      | Reached XP level 6. HP: 49/49 MP: 10/10
  4347 | D:4      | Identified the scarf "Ivacuk" {rC+ rF+, Slay+3}
  4421 | D:4      | Reached skill level 5 in Fighting
  4588 | D:4      | Noticed Pikel
  5013 | D:4      | Reached skill level 6 in Fighting
  5352 | D:3      | Reached XP level 7. HP: 58/58 MP: 8/11
  5569 | D:3      | Killed Pikel
  5570 | D:3      | Reached skill level 5 in Ice Magic
  5674 | D:4      | Found a shimmering blue altar of Sif Muna.
  5674 | D:4      | Found a radiant altar of Vehumet.
  5674 | D:4      | Found a broken altar of Ashenzari.
  5708 | D:4      | Became a worshipper of Ashenzari the Shackled
  5759 | D:5      | Entered Level 5 of the Dungeon
  5909 | D:5      | Found a snail-covered altar of Cheibriados.
  5967 | D:5      | Reached XP level 8. HP: 61/64 MP: 12/12
  6466 | D:5      | Reached skill level 6 in Ice Magic
  6539 | D:5      | Learned a level 3 spell: Call Canine Familiar
  7010 | D:6      | Noticed Blork the orc
  7010 | D:6      | Noticed Edmund
  7086 | D:6      | Noticed Grinder
  7086 | D:6      | Noticed Eustachio
  7098 | D:5      | Killed Eustachio
  7099 | D:5      | Reached skill level 7 in Fighting
  7099 | D:5      | Reached skill level 4 in Spellcasting
  7400 | D:6      | Reached skill level 8 in Fighting
  7888 | D:5      | Killed Blork the orc
  7889 | D:5      | Reached skill level 9 in Fighting
  8264 | D:6      | Reached skill level 10 in Fighting
  8372 | D:6      | Noticed a nameless horror
  8382 | D:5      | Killed a nameless horror
  8752 | D:5      | Reached XP level 9. HP: 76/79 MP: 11/15
  8972 | D:6      | Reached skill level 1 in Summonings
  9133 | D:6      | Reached * piety under Ashenzari
  9528 | D:6      | Noticed a queen bee
  9563 | D:5      | Reached skill level 2 in Summonings
  9853 | D:6      | Reached skill level 11 in Fighting
 10107 | D:6      | Found a transporter.
 10107 | D:6      | Found a transporter.
 10107 | D:6      | Noticed Kazon's ghost (novice OpBr)
 10182 | D:6      | Killed Edmund
 10184 | D:6      | Paralysed by Grinder for 2 turns
 10197 | D:6      | Killed Grinder
 10198 | D:6      | Reached skill level 3 in Summonings
 10488 | D:6      | Noticed Sigmund
 10508 | D:6      | Killed Sigmund
 10509 | D:6      | Reached skill level 12 in Fighting
 10771 | D:7      | Learned a level 3 spell: Hailstorm
 11050 | D:7      | Reached skill level 13 in Fighting
 11076 | D:7      | Found a staircase to the Ecumenical Temple.
 11086 | Temple   | Entered the Ecumenical Temple
 11237 | D:7      | Reached ** piety under Ashenzari
 11459 | D:7      | Found a basalt altar of Yredelemnul.
 11735 | D:8      | Reached skill level 1 in Polearms
 11745 | D:8      | Reached XP level 10. HP: 57/93 MP: 14/16
 12046 | D:8      | Reached skill level 14 in Fighting
 12046 | D:8      | Reached skill level 2 in Polearms
 12697 | D:8      | Reached skill level 1 in Evocations
 12945 | D:8      | Reached skill level 2 in Evocations
 12991 | D:8      | Found a staircase to the Lair.
 12995 | D:8      | Noticed a boulder beetle
 14771 | D:8      | Reached *** piety under Ashenzari
 15016 | D:9      | Reached skill level 4 in Summonings
 15595 | D:9      | Reached **** piety under Ashenzari
 16006 | D:10     | Entered Level 10 of the Dungeon
 16128 | D:10     | Reached skill level 15 in Fighting
 16157 | D:10     | Reached XP level 11. HP: 52/107 MP: 7/19
 16574 | D:10     | Reached skill level 4 in Conjurations
 16646 | D:10     | Learned a level 3 spell: Summon Guardian Golem
 16964 | D:10     | Reached skill level 1 in Hexes
 17201 | D:10     | Found a staircase to the Orcish Mines.
 17245 | D:10     | Reached skill level 3 in Polearms
 17708 | D:10     | Noticed a two-headed ogre
 17717 | D:10     | Killed a two-headed ogre
 17718 | D:10     | Reached skill level 1 in Shields
 17852 | D:11     | Reached skill level 4 in Polearms
 17882 | D:11     | Reached skill level 2 in Shields
 18041 | D:11     | Reached ***** piety under Ashenzari
 18438 | D:11     | Reached skill level 2 in Armour
 18863 | D:11     | Reached skill level 3 in Armour
 19110 | D:11     | Reached skill level 4 in Armour
 19385 | D:11     | Noticed a boulder beetle
 19409 | D:11     | Killed a boulder beetle
 19410 | D:11     | Reached skill level 5 in Armour
 19724 | Lair:1   | Entered Level 1 of the Lair of Beasts
 19754 | Lair:1   | Noticed a death yak
 19754 | Lair:1   | Noticed a death yak
 19755 | Lair:1   | Noticed a death yak
 19984 | Lair:1   | Reached skill level 5 in Polearms
 20695 | Lair:1   | Reached XP level 12. HP: 109/114 MP: 18/22
 20967 | Lair:1   | Reached skill level 6 in Polearms
 21214 | Lair:1   | Noticed a death yak
 21479 | Lair:1   | Killed a death yak
 21491 | Lair:1   | Killed a death yak
 21539 | Lair:1   | Killed a death yak
 21555 | Lair:1   | Killed a death yak
 21556 | Lair:1   | Reached skill level 2 in Air Magic
 21685 | Lair:1   | Learned a level 5 spell: Freezing Cloud
 22068 | Lair:2   | Reached skill level 3 in Air Magic
 22191 | Lair:2   | Found a staircase to the Swamp.
 22236 | Lair:2   | Reached skill level 4 in Air Magic
 22376 | Lair:2   | Reached skill level 5 in Air Magic
 22848 | Lair:2   | Noticed a five-headed hydra
 22854 | Lair:2   | Noticed a four-headed hydra
 22865 | Lair:2   | Killed a four-headed hydra
 22875 | Lair:2   | Killed a five-headed hydra
 22876 | Lair:2   | Reached skill level 6 in Armour
 23050 | Lair:2   | Found the +1 robe of Vines {NoPotionHeal Regen++++}
 23485 | Lair:2   | Gained mutation: You are strongly in touch with the powers
                  | of death. [Mummy growth]
 23485 | Lair:2   | Reached XP level 13. HP: 117/117 MP: 15/20
 23726 | Lair:3   | Reached skill level 7 in Armour
 23965 | Lair:3   | Found a staircase to the Snake Pit.
 24175 | Lair:3   | Reached skill level 16 in Fighting
 25537 | Lair:4   | Reached skill level 17 in Fighting
 25537 | Lair:4   | Reached skill level 5 in Spellcasting
 25767 | Lair:4   | Noticed Snorg
 25778 | Lair:4   | Killed Snorg
 25779 | Lair:4   | Reached skill level 6 in Spellcasting
 25779 | Lair:4   | Reached skill level 3 in Shields
 26007 | Lair:4   | Reached skill level 5 in Summonings
 26518 | Lair:4   | Identified Ruqer's Codex of the Toxic Damned
 26628 | Lair:4   | Learned a level 5 spell: Arcjolt
 26645 | Lair:5   | Entered Level 5 of the Lair of Beasts
 26657 | Lair:4   | Reached skill level 6 in Air Magic
 27661 | Lair:5   | Reached skill level 7 in Air Magic
 27679 | Lair:5   | Reached skill level 7 in Ice Magic
 27679 | Lair:5   | Reached XP level 14. HP: 120/128 MP: 17/23
 27961 | Lair:5   | Reached skill level 5 in Conjurations
 29319 | Lair:5   | Found a runed translucent door.
 29322 | Lair:5   | Found a staircase to the Slime Pits.
 29918 | Lair:5   | Identified the ring "Qoedu" {rCorr Str+2 Int+6}
 30636 | Lair:5   | Reached skill level 8 in Air Magic
 30727 | Lair:5   | Reached skill level 8 in Ice Magic
 31044 | Orc:1    | Entered Level 1 of the Orcish Mines
 31451 | Orc:1    | Reached skill level 6 in Conjurations
 31739 | Orc:1    | Noticed Jorgrun
 32046 | Orc:1    | Killed Jorgrun
 32258 | Orc:1    | Found Zefet's Mass Market.
 32314 | Orc:2    | Entered Level 2 of the Orcish Mines
 32463 | Orc:1    | Reached skill level 7 in Spellcasting
 32547 | Orc:2    | Found a burning altar of Makhleb.
 32552 | Orc:2    | Found a gate leading to a gauntlet.
 32571 | Gauntlet | Entered a Gauntlet
 32571 | Gauntlet | Found a transporter.
 32571 | Gauntlet | Found a transporter.
 32624 | Gauntlet | Found a transporter.
 32624 | Gauntlet | Found a transporter.
 32633 | Gauntlet | Found a transporter.
 32652 | Gauntlet | Found a transporter.
 32661 | Gauntlet | Found the +5 scythe "Finisher" {speed, execute}
 32662 | Gauntlet | Found a transporter.
 32662 | Gauntlet | Found a transporter.
 32665 | Gauntlet | Found a transporter.
 32670 | Gauntlet | Identified the +2 pair of gloves "Peir" {Dex+2}
 32692 | Gauntlet | Found a transporter.
 32699 | Gauntlet | Found a transporter.
 32717 | Gauntlet | Found a transporter.
 32762 | Gauntlet | Found a transporter.
 32776 | Gauntlet | Found a transporter.
 32776 | Gauntlet | Found the amulet of the Air {Inacc Air Fly rElec RMsl}
 32876 | Gauntlet | Found a transporter.
 32898 | Gauntlet | Found a transporter.
 33247 | Gauntlet | Reached skill level 8 in Spellcasting
 33282 | Gauntlet | Identified the staff of fire "Reneg" {rF+ rC+}
 33351 | Gauntlet | Reached skill level 9 in Spellcasting
 33644 | Orc:2    | Noticed an orc warlord
 34388 | Orc:2    | Found a shimmering blue altar of Sif Muna.
 34401 | Orc:2    | Reached skill level 10 in Spellcasting
 34460 | Orc:2    | Learned a level 6 spell: Summon Cactus Giant
 35640 | Orc:1    | Killed an orc warlord
 35841 | Orc:2    | Found a staircase to the Elven Halls.
 36064 | Orc:2    | Found Ysoet's Antique Weapon Boutique.
 36078 | Orc:2    | Found Lisus's Antique Armour Boutique.
 36135 | Orc:2    | Found Puipt's Book Boutique.
 36150 | Orc:2    | Found Kusteumu's General Store.
 36236 | Orc:2    | Identified Sif Muna's Handbook of the Gestalt
 36376 | Orc:2    | Bought a twisted kite shield for 361 gold pieces
 36376 | Orc:2    | Identified the +7 kite shield of Rationality {rC- Will+
                  | Int+5 SInv} (You bought it in a shop on level 2 of the
                  | Orcish Mines)
 36376 | Orc:2    | Bought a thick robe for 216 gold pieces
 36376 | Orc:2    | Identified the +2 robe "Xogezur" {+Inv rN+ Stlth-} (You
                  | bought it in a shop on level 2 of the Orcish Mines)
 36402 | Orc:2    | Bought a book of Iron for 468 gold pieces
 36418 | Orc:2    | Bought a +0 demon trident of electrocution for 474 gold
                  | pieces
 36510 | D:12     | Reached XP level 15. HP: 133/134 MP: 22/29
 36997 | D:12     | Found Ighyrava's General Store.
 37513 | D:13     | Identified the +0 helmet of Parts Unknown {+Blink rC- Str+4
                  | SInv}
 37755 | D:13     | Identified a potion of resistance
 38296 | D:13     | Found a runed translucent door.
 38395 | D:13     | Reached skill level 4 in Shields
 38738 | D:13     | Identified a +2 robe of resistance
 38772 | D:13     | Reached skill level 9 in Ice Magic
 38772 | D:13     | Reached skill level 9 in Air Magic
 39487 | D:14     | Found a frozen archway.
 39493 | IceCv    | Entered an ice cave
 40788 | IceCv    | Reached skill level 5 in Shields
 40977 | IceCv    | Reached skill level 6 in Summonings
 41050 | IceCv    | Identified a +2 robe of the Archmagi
 41376 | IceCv    | Reached skill level 6 in Shields
 41395 | IceCv    | Noticed a shard shrike
 42055 | IceCv    | Slain by a shard shrike

Vanquished Creatures
  Jorgrun (Orc:1)
  An orc warlord (Orc:1)
  Snorg (Lair:4)
  A minotaur (Gauntlet)
  2 centaur warriors (D:13)
  6 hydras
  A catoblepas (Lair:5)
  3 ironbound frosthearts (IceCv)
  A boulder beetle (Lair:4)
  A two-headed ogre (D:14)
  A tengu warrior (D:13)
  9 death yaks
  2 orc high priests
  An orange crystal statue (IceCv)
  Pikel (D:3)
  A wizard (Gauntlet)
  A necromancer (Gauntlet)
  3 orc knights
  10 orc sorcerers
  2 lindwurms
  An ugly thing (IceCv)
  5 cyclopes
  An oklob plant (Lair:2)
  2 manticores (D:11)
  2 black mambas (Lair:2)
  9 elephants
  A gargoyle (D:11)
  A torpor snail (Gauntlet)
  15 cane toads
  An unseen horror (D:12)
  6 komodo dragons
  23 rime drakes
  2 kobold demonologists (D:11)
  3 trolls
  10 polar bears
  5 hornets
  Grinder (D:6)
  5 nameless horrors
  13 blink frogs
  A dream sheep (Lair:5)
  4 shadows
  13 wyverns
  12 spriggans (Lair:5)
  2 vampires
  Sigmund (D:6)
  32 yaks
  Eustachio (D:5)
  3 wraiths
  5 humans (D:8)
  5 basilisks
  A steam dragon (D:8)
  8 vampire mosquitoes
  Edmund (D:6)
  2 nagas (Lair:3)
  3 acid dragons
  4 wargs
  20 water moccasins
  A two-headed ogre zombie (D:10)
  6 black bears
  An ice beast (D:6)
  22 orc warriors
  7 ogres
  26 wolves
  5 boggarts (Lair:5)
  6 centaurs
  3 lemures
  A phantom (D:10)
  3 kobold brigands
  Blork the orc (D:5)
  13 bullfrogs
  2 scorpions
  14 wights
  8 killer bees
  A troll zombie (D:10)
  A howler monkey (D:13)
  4 electric eels (D:8)
  4 jellies
  7 hounds
  11 orc priests
  A gnoll bouda (D:4)
  3 iguanas
  Ijyb (D:3)
  23 orc wizards
  2 sleepcaps
  12 hell rats
  5 ogre zombies (D:10)
  3 gnolls
  10 adders
  8 river rats (Lair:5)
  A shadow imp (Gauntlet)
  2 white imps
  An ufetubus (D:7)
  2 worms
  5 dart slugs
  53 orcs
  16 ball pythons
  6 bats
  9 endoplasms
  11 giant cockroaches
  10 hobgoblins
  6 jackals
  7 quokkas
  7 frilled lizards
  5 goblins
  2 goblin skeletons (D:10)
  3 goblin zombies (D:10)
  A hobgoblin zombie (D:10)
  33 kobolds
  An orc skeleton (D:10)
  7 orc zombies (D:10)
  7 rats
683 creatures vanquished.

Vanquished Creatures (collateral kills)
  A vault guard (D:13)
  An ironbound frostheart (IceCv)
  A boulder beetle (D:12)
  A two-headed ogre (D:13)
  2 orc knights
  7 ugly things (IceCv)
  A cyclops (D:12)
  11 rime drakes (IceCv)
  10 polar bears (IceCv)
  A troll (D:8)
  A wraith (D:14)
  A vampire mosquito (D:13)
  3 orc warriors (Orc:2)
  A phantom (D:10)
  A troll zombie (D:10)
  3 orc priests
  A hound (D:8)
  An orc wizard (Orc:2)
  2 orcs
  A hobgoblin skeleton (D:10)
  A hobgoblin zombie (D:10)
  4 orc zombies (D:10)
56 creatures vanquished.

Vanquished Creatures (others)
  A boulder beetle (D:11)
  2 two-headed ogres
  4 death yaks (Lair:1)
  An orc knight (Orc:2)
  A manticore (D:11)
  4 yaks (D:10)
  An orc warrior (D:11)
  A goblin zombie (D:10)
  An orc skeleton (D:10)
  2 orc zombies (D:10)
18 creatures vanquished.

Grand Total: 757 creatures vanquished

Table legend: (Time is in decaauts)
 A = Elapsed time spent in this place.
 B = Non-inter-level travel time spent in this place.
 C = Inter-level travel time spent in this place.
 D = Time resting spent in this place.
 E = Time spent auto-exploring this place.
 F = Levels seen in this place.
 G = Mean time per level.
                   A        B        C        D        E       F      G
               +--------+--------+--------+--------+--------+-----+--------+
         Total |  41971 |  40223 |   1748 |  17884 |  12999 |  25 | 1678.8 |
       Dungeon |  22281 |  21085 |   1196 |   8550 |   7376 |  14 | 1591.5 |
        Temple |    118 |    103 |     15 |      0 |     92 |   1 |  118.0 |
          Lair |  11190 |  10895 |    295 |   5273 |   3378 |   5 | 2238.0 |
  Orcish Mines |   4263 |   4022 |    241 |   1826 |   1333 |   2 | 2131.5 |
         Sewer |    562 |    562 |      0 |    166 |    182 |   1 |  562.0 |
      Ice Cave |   2556 |   2556 |      0 |   1780 |    286 |   1 | 2556.0 |
      Gauntlet |    998 |    998 |      0 |    289 |    349 |   1 |  998.0 |
               +--------+--------+--------+--------+--------+-----+--------+

Top non-repeatable levels by time:
     D:8: 3359 daAuts
  Lair:5: 3131 daAuts
     D:5: 3125 daAuts
  Lair:4: 3036 daAuts
   IceCv: 2556 daAuts
   Orc:1: 2345 daAuts
  Lair:1: 2282 daAuts
    D:10: 2272 daAuts
   Orc:2: 1917 daAuts
    D:13: 1846 daAuts
  Lair:2: 1743 daAuts
     D:6: 1741 daAuts
    D:11: 1551 daAuts
     D:4: 1511 daAuts
     D:3: 1484 daAuts

Table legend:
 A = Non-vault XP
 B = Vault XP
 C = Vault XP percentage of total XP
 D = Non-vault monster count
 E = Vault monster count
 F = Vault count percentage of total count
                 A         B        C        D         E       F
            +---------+---------+-------+---------+---------+-------
      Total |   68446 |   70301 |  50.7 |     436 |     313 |  41.8
            +---------+---------+-------+---------+---------+-------
        D:1 |      55 |       1 |   1.8 |      31 |       1 |   3.1
        D:2 |      65 |       2 |   3.0 |      21 |       1 |   4.5
        D:3 |     207 |     675 |  76.5 |      19 |       7 |  26.9
        D:4 |     362 |      41 |  10.2 |      24 |       2 |   7.7
        D:5 |     790 |     336 |  29.8 |      15 |       4 |  21.1
        D:6 |     943 |     655 |  41.0 |      13 |       3 |  18.8
        D:7 |     544 |       0 |   0.0 |      16 |       0 |   0.0
        D:8 |    2588 |    1734 |  40.1 |      33 |      13 |  28.3
        D:9 |     652 |       0 |   0.0 |      11 |       0 |   0.0
       D:10 |    4020 |     686 |  14.6 |      33 |      35 |  51.5
       D:11 |    3940 |    1850 |  32.0 |      21 |       5 |  19.2
       D:12 |    3857 |       0 |   0.0 |      11 |       0 |   0.0
       D:13 |    5920 |    4449 |  42.9 |      14 |      15 |  51.7
       D:14 |    1372 |       0 |   0.0 |       4 |       0 |   0.0
     Lair:1 |    5659 |    1786 |  24.0 |      15 |       6 |  28.6
     Lair:2 |    8359 |    2264 |  21.3 |      32 |       3 |   8.6
     Lair:3 |     887 |    7190 |  89.0 |       5 |      29 |  85.3
     Lair:4 |    6674 |    5187 |  43.7 |      28 |      14 |  33.3
     Lair:5 |   13887 |    7914 |  36.3 |      35 |      52 |  59.8
      Orc:1 |    3580 |    3712 |  50.9 |      28 |       4 |  12.5
      Orc:2 |    4085 |    4980 |  54.9 |      27 |      32 |  54.2
      Sewer |       0 |      47 | 100.0 |       0 |      24 | 100.0
      IceCv |       0 |   20486 | 100.0 |       0 |      49 | 100.0
   Gauntlet |       0 |    6306 | 100.0 |       0 |      14 | 100.0
            +---------+---------+-------+---------+---------+-------
